 Dungeon Crawl Stone Soup version 0.21.1-1-g345015f (webtiles) character file.

308 letownia2 the Insei (level 6, 0/43 HPs)
             Began as a Merfolk Transmuter on Mar 19, 2018.
             Succumbed to a scorpion's poison
             ... on level 4 of the Dungeon.
             The game lasted 00:06:23 (946 turns).

letownia2 the Insei (Merfolk Transmuter)             Turns: 946, Time: 00:06:24

Health: 0/43       AC:  2    Str: 12    XL:     6   Next: 40%
Magic:  6/9        EV: 21    Int: 12    God:
Gold:   112        SH:  0    Dex: 20    Spells: 3/9 levels left

rFire    . . .     SeeInvis .     - Unarmed
rCold    . . .     Gourm    .   (shield currently unavailable)
rNeg     . . .     Faith    .   (armour currently unavailable)
rPois    x         Spirit   .   (helmet currently unavailable)
rElec    .         Reflect  .   (cloak currently unavailable)
rCorr    .         Harm     .   (gloves currently unavailable)
MR       .....                  (boots currently unavailable)
Stlth    ++........             (no amulet)
HPRegen  0.14/turn              (no ring)
MPRegen  0.11/turn              f - ring of wizardry

@: lethally poisoned (0 -> -21), spider-form
A: tiny, (change form in water), (swift swim), (stealthy swim)
a: End Transformation


You were on level 4 of the Dungeon.
You were not hungry.
You were a venomous arachnid creature.
You visited 1 branch of the dungeon, and saw 5 of its levels.

You collected 112 gold pieces.

Inventory:

Missiles
 a - 27 arrows
 i - 11 sling bullets
 k - 5 poisoned needles
Armour
 b - a +0 robe (melded)
 g - a cursed +0 leather armour
Jewellery
 f - a ring of wizardry (right front leg)
Scrolls
 e - 5 scrolls of identify
 h - a scroll of amnesia
Potions
 n - 2 potions of heal wounds
Books
 c - a book of Changes

   Spells                             Type                      Level
   a - Beastly Appendage              Transmutation                1
   b - Sticks to Snakes               Transmutation                2
   c - Spider Form                    Transmutation/Poison         3
   d - Ice Form                       Ice/Transmutation            4
   e - Blade Hands                    Transmutation                5
Comestibles
 d - 4 rations
 j - 2 chunks of flesh


   Skills:
 - Level 1.1 Fighting
 - Level 2.6 Dodging
 + Level 6.8 Unarmed Combat
 - Level 2.0 Spellcasting
 - Level 4.0 Transmutations
 - Level 2.1 Poison Magic


You had 3 spell levels left.
You knew the following spells:

 Your Spells              Type           Power        Failure   Level  Hunger
a - Beastly Appendage     Tmut           ##....       6%          1    ##.....
l - Sticks to Snakes      Tmut           ##......     9%          2    ###....
p - Spider Form           Tmut/Pois      #.........   19%         3    ####...


Dungeon Overview and Level Annotations

Branches:
Dungeon (5/15)
 Temple: D:4-7

Altars:
Elyvilon

Annotations:
D:4 Sigmund


Message History

Unknown command.
You closely miss the scorpion. The scorpion closely misses you.
Unknown command.
You hit Sigmund.
Sigmund looks as sick as possible!
Sigmund is heavily wounded.
Sigmund closely misses you. The scorpion stings you.
You are lethally poisoned!
The scorpion poisons you!
Unknown command.
You feel very sick. The scorpion stings you.
Sigmund hits you from afar with a scythe!
* * * LOW HITPOINT WARNING * * *
You see here a ration.
Unknown command.
* * * LOW HITPOINT WARNING * * *
You feel sick. The scorpion barely misses you.
Unknown command.
Unknown command.
You die...

######..s##........##.# #.†#
#.####........##.# #.## *#.#
#.###.#..##.# #.#
*****..#**#.# #......)###.#
,,,,....,,..#*#@s####..##.####
***#####*....*##.# ##.......#
****,#...#*#s%# #.......#
****,,*,##..#..#.# #.......#
,,***,,,,#..#.##s# #.......#
********,***#.#..# #########
*,,,*,***.,#..#
***,**,*..*#..#
*,,,*,,P.**#..#
*,*,*,P.#*,...#*
*,,,,,,****#...*** ****,,,,*
#...,,***** *,,,,,,,*
*,**,,,,,,**


You could see Sigmund and 2 scorpions.

Vanquished Creatures
  3 scorpions (D:4)
  A crimson imp (D:5)
  Natasha (D:2)
  An orc wizard (D:3)
  2 worker ants (D:4)
  An adder (D:5)
  2 worms (D:3)
  3 orcs
  3 giant cockroaches (D:3)
  A goblin (D:3)
  A hobgoblin (D:3)
  2 kobolds
  A ball python (D:3)
  2 bats
  2 rats (D:3)
26 creatures vanquished.

Vanquished Creatures (others)
  A fungus (D:4)
1 creature vanquished.

Grand Total: 27 creatures vanquished

Notes
Turn   | Place    | Note
-------+----------+-------------------------------------------
     0 | D:1      | letownia2 the Merfolk Transmuter began the quest for the Orb.
     0 | D:1      | Reached XP level 1. HP: 15/15 MP: 3/3
   113 | D:2      | Noticed Natasha
   123 | D:2      | Killed Natasha
   123 | D:2      | Reached skill level 4 in Unarmed Combat
   123 | D:2      | Reached XP level 2. HP: 2/21 MP: 3/5
   123 | D:2      | Reached XP level 3. HP: 3/26 MP: 3/6
   128 | D:2      | Learned a level 3 spell: Spider Form
   132 | D:2      | Found a white marble altar of Elyvilon.
   154 | D:2      | Learned a level 2 spell: Sticks to Snakes
   262 | D:4      | Reached skill level 1 in Poison Magic
   307 | D:4      | Noticed a scorpion
   307 | D:4      | Noticed a scorpion
   307 | D:4      | Noticed Sigmund
   402 | D:3      | Reached XP level 4. HP: 9/32 MP: 4/7
   514 | D:3      | HP: 1/32 [worm (5)]
   746 | D:5      | Entered Level 5 of the Dungeon
   776 | D:4      | Reached skill level 5 in Unarmed Combat
   776 | D:4      | Reached XP level 5. HP: 28/37 MP: 4/8
   860 | D:5      | Reached skill level 6 in Unarmed Combat
   908 | D:4      | Reached XP level 6. HP: 23/43 MP: 5/9
   945 | D:4      | HP: 1/43 [poisoned by a scorpion]
   946 | D:4      | Succumbed to a scorpion's poison

Skill      XL: |  1  2  3  4  5 |
---------------+----------------+-----
Unarmed Combat | 4 5 6 |  6.8
Transmutations | 3 4 |  4.0
Poison Magic   | 1 2 |  2.1
Fighting       | |  1.1
Dodging        | |  2.6
Spellcasting   | |  2.0

Action                   |  1- 3 |  4- 6 || total
-------------------------+-------+-------++-------
Melee: Unarmed           |    40 |    53 ||    93
       Headbutt          |     2 |     1 ||     3
 Cast: Beastly Appendage |     6 |     2 ||     8
       Spider Form       |     2 |    10 ||    12
  Use: Scroll            |     2 |     4 ||     6
       Potion            |       |     1 ||     1
 Stab: Sleeping          |     1 |       ||     1
  Eat: Chunk             |       |     3 ||     3
Armor: Robe              |     4 |     1 ||     5
       Skin              |       |     1 ||     1
Dodge: Dodged            |    26 |    42 ||    68
